 Dungeon Crawl Stone Soup version 0.23-a0-407-g92528d7c89 (webtiles) character file.

156174 LostNumber the Thaumaturge (level 16, -9/125 HPs)
             Began as a Mummy Summoner on Nov 3, 2018.
             Was an Initiate of Gozag.
             Shot with a bolt by a yaktaur (23 damage)
             ... led by a vault warden
             ... on level 1 of the Vaults on Nov 7, 2018.
             The game lasted 04:00:57 (60731 turns).

LostNumber the Thaumaturge (Mummy Summoner)        Turns: 60731, Time: 04:00:58

Health: -9/125     AC: 19    Str: 17    XL:     16   Next: 82%
Magic:  20/41      EV: 17    Int: 20    God:    Gozag
Gold:   3629       SH:  0    Dex: 13    Spells: 5/39 levels left

rFire    + + .     SeeInvis +   s - +1 trident (protect)
rCold    + . .     Gourm    .   (no shield)
rNeg     + + +     Faith    .   E - +1 robe {MR+}
rPois    ∞         Spirit   .   S - +2 hat
rElec    .         Reflect  .   Z - +2 cloak of Ymez {Regen+ MP+9 Slay+2}
rCorr    .         Harm     .   M - +0 pair of gloves
MR       +++..                  V - +2 pair of boots of the Assassin {Detection Stab+ Stlth++}
Stlth    ++++......             C - amulet of Red Wine {RegenMP *Drain rF+++ Str+5}
HPRegen  0.70/turn              X - ring of wizardry
MPRegen  0.52/turn              i - ring of see invisible

@: gold aura, protection aura
A: no food or potions, fire vulnerability, cold resistance 1, negative energy
resistance 3, torment resistance, unbreathing, in touch with death 1
}: 1/15 runes: serpentine
a: Potion Petition, Call Merchant, Bribe Branch, Renounce Religion


You were on level 1 of the Vaults.
You worshipped Gozag.
Gozag was most pleased with you.
You were not hungry.

You visited 7 branches of the dungeon, and saw 32 of its levels.

You collected 12117 gold pieces.
You spent 4838 gold pieces at shops.
You paid 3650 gold pieces to Gozag.

Inventory:

Hand Weapons
 e - a +2 spear of piercing
 s - a +1 trident of protection (weapon)
 Y - a +3 spear of pain
Armour
 a - a +1 shield of protection
 t - a +2 robe of resistance
 v - the +6 chain mail of Incorporation {Dex+4 SInv}
   (You took it off an orc on level 7 of the Dungeon)

   It affects your dexterity (+4).
   It lets you see invisible.
 E - a +1 robe of magic resistance (worn)
 M - a +0 pair of gloves (worn)
 S - a +2 hat (worn)
 V - the +2 pair of boots of the Assassin (worn) {Detection Stab+ Stlth++}
   (You bought it in a shop on level 14 of the Dungeon)

   It makes you much more stealthy.
 Z - the +2 cloak of Ymez (worn) {Regen+ MP+9 Slay+2}
   (You bought it in a shop on level 6 of the Dungeon)

   It affects your accuracy and damage with ranged weapons and melee attacks
   (+2).
   It affects your magic capacity (+9).
   It increases your rate of regeneration.
Jewellery
 c - an uncursed ring of protection from cold
 f - a +1 ring of protection
 i - a ring of see invisible (right hand)
 u - a +2 ring of slaying
 C - the amulet of Red Wine (around neck) {RegenMP *Drain rF+++ Str+5}
   (You bought it in a shop on level 6 of the Dungeon)

   [amulet of magic regeneration]

   It increases your magic regeneration.
   It affects your strength (+5).
   It renders you almost immune to fire.
   It causes draining when unequipped.
 F - an uncursed ring of protection from fire
 H - an uncursed ring of magical power
 I - a +4 ring of evasion
 O - an uncursed amulet of guardian spirit
 X - a ring of wizardry (left hand)
Wands
 b - a wand of enslavement (21)
 d - a wand of acid (25)
 r - a wand of iceblast (23)
 A - a wand of flame (47)
 D - a wand of disintegration (22)
 K - a wand of paralysis (24)
 N - a wand of clouds (3)
 P - a wand of scattershot (6)
 R - a wand of digging (6)
 T - a wand of random effects (30)
Scrolls
 g - 5 scrolls of blinking
 h - 6 scrolls of magic mapping
 j - 7 scrolls of enchant weapon
 k - 4 scrolls of enchant armour
 l - 3 scrolls of immolation
 m - 16 scrolls of teleportation
 n - 4 scrolls of amnesia
 p - 5 scrolls of remove curse
 q - 5 scrolls of fear
 B - a scroll of silence
 J - a scroll of vulnerability
 Q - 3 scrolls of fog
Miscellaneous
 x - a phantom mirror
 y - a lightning rod (4/4)
 z - a fan of gales


   Skills:
 + Level 11.2 Fighting
 + Level 7.0 Polearms
 - Level 3.0 Armour
 + Level 8.2 Dodging
 + Level 2.4 Stealth
 + Level 4.1 Shields
 - Level 12.3 Spellcasting
 - Level 10.0 Conjurations
 - Level 2.8 Hexes
 - Level 2.4 Charms
 - Level 10.4 Summonings
 - Level 3.1 Necromancy
 - Level 10.0 Ice Magic
 + Level 7.0 Air Magic
 - Level 5.5 Evocations


You had 5 spell levels left.
You knew the following spells:

 Your Spells              Type           Power        Failure   Level  Hunger
a - Summon Small Mammal   Summ           ####         1%          1    N/A
b - Call Imp              Summ           ######..     1%          2    N/A
c - Call Canine Familiar  Summ           ######..     1%          3    N/A
d - Summon Ice Beast      Ice/Summ       ######..     1%          4    N/A
e - Summon Lightning Spi  Summ/Air       #####...     1%          4    N/A
f - Airstrike             Air            #####.....   1%          4    N/A
g - Swiftness             Chrm/Air       ####....     1%          2    N/A
h - Bolt of Cold          Conj/Ice       ######....   6%          6    N/A
i - Animate Skeleton      Necr           N/A          1%          1    N/A
j - Spectral Weapon       Hex/Chrm       ###.....     2%          3    N/A
k - Animate Dead          Necr           N/A          6%          4    N/A

Your spell library contained the following spells:

 Spells                   Type           Power        Failure   Level  Hunger
 Confusing Touch          Hex            ###...       1%          1    N/A
 Flame Tongue             Conj/Fire      ####.        1%          1    N/A
 Freeze                   Ice            ####         1%          1    N/A
 Infusion                 Chrm           ###.         1%          1    N/A
 Pain                     Necr           ####         1%          1    N/A
 Shock                    Conj/Air       ####         1%          1    N/A
 Shroud of Golubria       Chrm/Tloc      ###.......   1%          2    N/A
 Song of Slaying          Chrm           ###.....     1%          2    N/A
 Throw Flame              Conj/Fire      ####..       1%          2    N/A
 Throw Frost              Conj/Ice       ######       1%          2    N/A
 Conjure Flame            Conj/Fire      ####....     1%          3    N/A
 Dazzling Spray           Conj/Hex       #####.       1%          3    N/A
 Ozocubu's Armour         Chrm/Ice       #####...     1%          3    N/A
 Static Discharge         Conj/Air       #####...     1%          3    N/A
 Stone Arrow              Conj/Erth      ####..       1%          3    N/A
 Summon Guardian Golem    Hex/Summ       #####...     1%          3    N/A
 Vampiric Draining        Necr           #####.....   1%          3    N/A
 Throw Icicle             Conj/Ice       ######..     1%          4    N/A
 Lightning Bolt           Conj/Air       #####.....   1%          5    N/A
 Apportation              Tloc           ##....       2%          1    N/A
 Sticky Flame             Conj/Fire      ####....     2%          4    N/A
 Sticks to Snakes         Tmut           ##......     3%          2    N/A
 Inner Flame              Hex/Fire       ###.....     3%          3    N/A
 Bolt of Draining         Conj/Necr      ######....   4%          5    N/A
 Metabolic Englaciation   Hex/Ice        #####.....   4%          5    N/A
 Fireball                 Conj/Fire      ####......   8%          5    N/A
 Ozocubu's Refrigeration  Ice            ######....   6%          6    N/A
 Freezing Cloud           Conj/Ice/Air   #####.....   9%          6    N/A
 Simulacrum               Ice/Necr       ######....   22%         6    N/A
 Ring of Flames           Chrm/Fire      ###.......   100%        7    N/A
 Beastly Appendage        Tmut           Unusable     N/A         1    N/A
 Regeneration             Chrm/Necr      Unusable     N/A         3    N/A
 Ice Form                 Ice/Tmut       Unusable     N/A         4    N/A
 Spider Form              Tmut/Pois      Unusable     N/A         3    N/A
 Blade Hands              Tmut           Unusable     N/A         5    N/A

Dungeon Overview and Level Annotations

Branches:
Dungeon (15/15)            Temple (1/1) D:7            Lair (6/6) D:11
  Swamp (3/4) Lair:2        Snake (4/4) Lair:2        Slime (0/5) Lair:6
    Orc (2/2) D:12            Elf (0/3) Orc:2        Vaults (1/5) D:13
 Depths: D:15

Altars:
Ashenzari
Cheibriados
Dithmenos
Elyvilon
Fedhas
Gozag
Hepliaklqana
Kikubaaqudgha
Makhleb
Nemelex Xobeh
Okawaru
Qazlal
Ru
Sif Muna
Trog
Uskayaw
Vehumet
Wu Jian
Xom
Yredelemnul
Zin
The Shining One

Shops:
D:4 ?   D:5 [   D:6 **   D:8 *   D:9 *%*   D:14 =[   Orc:2 ([:%%   Snake:2 =
Snake:4 *   Vaults:1 [

Portals:
Pandemonium: Orc:2

Annotations:
D:6 exclusion: upstairs
D:12 1 runed door, Finguili's ghost, journeyman TeAE
D:14 exclusion: downstairs
Swamp:1 exclusion: Roxanne, Roxanne
Snake:3 Vashnia
Orc:1 1 runed door, oberejnoburuli's ghost, journeyman TeAE
Orc:2 2 exclusions


Innate Abilities, Weirdness & Mutations

You do not eat or drink.
Your flesh is vulnerable to fire.
You are immune to poison.
Your flesh is cold resistant. (rC+)
You are immune to negative energy. (rN+++)
You are immune to unholy pain and torment.
You can survive without breathing.
You are in touch with the powers of death.


Message History

Something hits your lightning spire! Something hits your lightning spire.
Something hits your ice beast!
You are too injured to fight recklessly!
You are too injured to fight recklessly!
You hit the yaktaur.
Your weapon exudes an aura of protection.
The yaktaur is moderately wounded.
The runic seal fades away.
The yaktaur misses you.
Your ice beast hits the yaktaur but does no damage.
The yaktaur wields a +0 arbalest.
The yaktaur shoots a bolt.
The bolt completely misses you.
The yaktaur wields a +0 arbalest.
The yaktaur shoots a bolt.
The bolt hits you!!
* * * LOW HITPOINT WARNING * * *
Something hits your ice beast!!!
Your ice beast dies!
You see here a bolt.
The yaktaur shoots a bolt.
The bolt hits you!!
You die...
Your body crumbles into a pile of gold.

#....# #.8..#
#...(# #..((#
#....# #....#
#....#
#############....#
{
#.....8cc.(@+....#
#...#..(#...#....#
#...#..{#..(#....#
#.###..p###c#..).#
#.....Yc....#....#
#...........#....#
#.....).....#....#
#.###...###.#....#
#...#...#...#(...#


You could see 3 yaktaurs and a friendly lightning spire.

Vanquished Creatures
  Saint Roka (Snake:3)
  A thorn hunter (Swamp:3)
  4 nagarajas (Snake:4)
  Nessos (D:12)
  Azrael (Snake:3)
  2 naga warriors
  A centaur warrior (D:13)
  A hydra (Swamp:3)
  2 alligators
  An ogre mage (D:14)
  A two-headed ogre (D:14)
  7 anacondas
  2 shock serpents
  2 orc high priests (Orc:2)
  3 naga sharpshooters
  A sixfirhy (Orc:2)
  3 naga ritualists
  2 skeletal warriors
  5 unseen horrors
  2 deep elf archers
  A wolf spider zombie (D:15)
  A deep elf mage (Vaults:1)
  5 ugly things
  2 orc knights (Orc:2)
  3 mana vipers (Snake:2)
  2 manticores
  8 orc sorcerers
  A cyclops (Orc:2)
  9 slime creatures
  3 salamanders
  2 elephants (Lair:2)
  Maurice (D:8)
  11 black mambas
  6 naga magi (Snake:4)
  7 guardian serpents
  A vault sentinel (Vaults:1)
  2 centaur skeletons
  3 spiny frogs
  5 komodo dragons
  A kobold demonologist (D:14)
  A rime drake (Lair:5)
  A yaktaur (Vaults:1)
  A red devil (Orc:2)
  A troll (D:12)
  2 meliai (D:14)
  2 hornets
  3 polar bears
  A harpy skeleton (D:15)
  2 tyrant leeches
  2 blink frogs
  4 hippogriffs
  A ynoxinul (Orc:2)
  4 spriggans
  A wraith (D:13)
  3 yaks
  A golden eye (shapeshifter) (Vaults:1)
  A hungry ghost (D:13)
  7 vampire mosquitoes
  7 insubstantial wisps
  13 nagas
  3 swamp worms (Swamp:2)
  2 wargs
  4 water moccasins
  2 hell hounds (Snake:3)
  A floating eye (shapeshifter) (Vaults:1)
  6 porcupines
  4 ogres
  14 orc warriors
  5 swamp drakes
  6 ice beasts
  2 black bears
  A phantom (D:13)
  A sky beast (D:7)
  2 wolves (Lair:4)
  A centaur (D:9)
  2 crocodiles
  8 bullfrogs
  A wyvern zombie (D:11)
  4 scorpions
  A killer bee (D:10)
  A wight (D:9)
  2 electric eels
  2 crimson imps
  2 quasits
  A bullfrog skeleton (D:13)
  4 hounds
  2 jellies
  13 orc priests
  10 orc wizards
  2 iguanas
  A worker ant (D:8)
  A hound skeleton (D:10)
  2 gnolls
  A howler monkey skeleton (D:8)
  A howler monkey zombie (D:7)
  6 adders
  5 shadow imps
  4 oozes
  An adder skeleton (D:5)
  A worm (D:3)
  4 leopard geckos
  42 orcs
  2 giant cockroaches
  5 goblins
  8 hobgoblins
  A quokka (D:4)
  A ball python (D:3)
  3 bats
  4 frilled lizards
  A jackal skeleton (D:7)
  16 kobolds
  A quokka skeleton (D:5)
  A rat (D:2)
  3 plants
399 creatures vanquished.

Vanquished Creatures (collateral kills)
  Rupert (D:14)
  A thorn hunter (Swamp:3)
  5 nagarajas
  A dire elephant (Lair:2)
  Snorg (D:12)
  4 vault guards (D:13)
  7 naga warriors
  14 hydras
  2 ghost crabs
  6 two-headed ogres
  A centaur warrior (D:14)
  11 anacondas
  3 catoblepae
  4 alligators
  A death yak (Lair:5)
  4 orc high priests (Orc:2)
  Nergalle (D:12)
  An ogre mage (D:13)
  9 naga sharpshooters
  2 shock serpents
  3 salamander mystics
  A torturous demonspawn (Orc:2)
  A wizard (D:13)
  6 skeletal warriors
  An infernal demonspawn (Orc:2)
  A gelid demonspawn (Orc:2)
  A swamp dragon (Swamp:2)
  A deep elf archer (Vaults:1)
  7 naga ritualists
  8 mana vipers
  2 deep elf magi
  An oklob plant (Lair:4)
  5 orc sorcerers
  5 orc knights
  12 ugly things
  A cyclops (Orc:2)
  16 slime creatures
  4 salamanders
  21 elephants
  A manticore (D:11)
  6 guardian serpents
  20 black mambas
  A rust devil (Orc:2)
  Joseph (D:8)
  A smoke demon (Orc:2)
  14 naga magi
  3 gargoyles (D:13)
  A torpor snail (Lair:5)
  4 rime drakes
  9 spiny frogs
  A komodo dragon (Lair:3)
  An ice devil (Orc:2)
  A freezing wraith (D:14)
  2 hornets
  A troll (D:10)
  A meliai (D:14)
  12 polar bears
  A bog body (Swamp:2)
  5 tyrant leeches
  19 blink frogs
  14 hippogriffs
  2 shadows
  6 spriggans
  A wraith (D:12)
  2 wyverns (Lair:4)
  20 yaks
  4 fire elementals (Snake:3)
  Grum (D:10)
  2 hungry ghosts
  A steam dragon (D:10)
  12 vampire mosquitoes
  A neqoxec (Orc:2)
  2 wargs
  3 swamp worms
  5 insubstantial wisps
  30 nagas
  3 acid dragons
  A hell hound (Snake:3)
  9 water moccasins
  6 porcupines
  3 black bears
  4 phantoms
  26 orc warriors
  3 sky beasts
  An eye of draining (D:10)
  8 ice beasts
  15 ogres
  5 centaurs
  5 wolves
  7 crocodiles
  6 big kobolds
  A wyvern zombie (D:14)
  5 bullfrogs
  2 gnoll sergeants (D:9)
  A water moccasin zombie (D:6)
  2 scorpions
  4 jellies
  7 killer bees
  4 wights (D:9)
  3 crimson imps
  2 bullfrog zombies
  A centaur zombie (D:5)
  2 quasits
  5 hounds
  17 orc priests
  A centaur skeleton (D:7)
  4 gnoll shamans
  A bullfrog skeleton (D:6)
  An iguana (D:12)
  16 orc wizards
  7 worker ants
  A killer bee zombie (D:7)
  A worker ant zombie (D:10)
  8 gnolls
  15 adders
  2 shadow imps
  An adder zombie (D:5)
  2 oozes
  An adder skeleton (D:5)
  5 worms
  A dart slug (D:1)
  A leopard gecko (D:4)
  82 orcs
  A giant cockroach (D:2)
  2 goblins
  12 hobgoblins
  4 quokkas
  2 bats
  A frilled lizard (D:4)
  5 kobolds
  A quokka zombie (D:5)
  2 rats
  2 fungi
  A plant (Lair:1)
728 creatures vanquished.

Vanquished Creatures (others)
  An elephant (Lair:2)
  A hornet (Lair:2)
  A spriggan (Lair:2)
  A basilisk (Lair:6)
  A naga (Snake:4)
  An orc (Orc:2)
  74 fungi
  47 plants
  41 spectral weapons
  A withered plant (D:12)
169 creatures vanquished.

Grand Total: 1296 creatures vanquished

Notes
Turn   | Place    | Note
-------+----------+-------------------------------------------
     0 | D:1      | LostNumber the Mummy Summoner began the quest for the Orb.
     0 | D:1      | Reached XP level 1. HP: 13/13 MP: 4/4
   602 | D:1      | Reached skill level 3 in Spellcasting
   602 | D:1      | Reached XP level 2. HP: 10/19 MP: 4/6
   606 | D:1      | Learned a level 2 spell: Call Imp
  1408 | D:2      | Reached XP level 3. HP: 15/24 MP: 3/7
  1413 | D:2      | Learned a level 3 spell: Call Canine Familiar
  1447 | D:2      | Found a sacrificial altar of Ru.
  2446 | D:3      | Reached XP level 4. HP: 15/30 MP: 3/9
  2923 | D:3      | Learned a level 4 spell: Summon Ice Beast
  3139 | D:3      | Noticed an ice beast
  3280 | D:3      | Killed an ice beast
  3280 | D:3      | Reached skill level 4 in Spellcasting
  3280 | D:3      | Reached XP level 5. HP: 35/35 MP: 4/11
  3923 | D:3      | Reached skill level 1 in Ice Magic
  4225 | D:4      | Found Joegetil's Magic Scroll Shop.
  4233 | D:4      | Bought a scroll of teleportation for 33 gold pieces
  4564 | D:4      | Noticed an ogre
  4575 | D:4      | Killed an ogre
  4575 | D:4      | Reached skill level 5 in Summonings
  4807 | D:4      | Noticed a phantom
  4844 | D:4      | Killed a phantom
  4844 | D:4      | Reached XP level 6. HP: 15/41 MP: 10/13
  4850 | D:4      | Learned a level 4 spell: Summon Lightning Spire
  5506 | D:5      | Entered Level 5 of the Dungeon
  5529 | D:5      | Reached skill level 5 in Spellcasting
  6294 | D:5      | Reached skill level 1 in Air Magic
  6302 | D:5      | Found Rosa's Antique Armour Emporium.
  6340 | D:5      | Reached XP level 7. HP: 19/46 MP: 12/15
  7144 | D:5      | Found a shadowy altar of Dithmenos.
  7620 | D:5      | Noticed a rust devil
  7620 | D:5      | Noticed a rust devil
  7824 | D:6      | Found Xutuam's Assorted Antiques.
  8273 | D:6      | Found a glowing silver altar of Zin.
  8489 | D:6      | Reached skill level 6 in Spellcasting
  8735 | D:7      | Reached XP level 8. HP: 52/52 MP: 4/17
  8812 | D:7      | Noticed a manticore
  9145 | D:7      | Noticed a hippogriff
  9155 | D:7      | Killed a hippogriff
  9272 | D:7      | Noticed a hippogriff
  9278 | D:7      | Killed a hippogriff
  9432 | D:7      | Identified the +6 chain mail of Incorporation {Dex+4 SInv}
  9522 | D:7      | Reached skill level 7 in Spellcasting
  9818 | D:7      | Reached XP level 9. HP: 47/57 MP: 19/19
 10500 | D:7      | Noticed an unseen horror
 10515 | D:7      | Killed an unseen horror
 10747 | D:7      | Killed a manticore
 10747 | D:7      | Reached skill level 1 in Fighting
 10747 | D:7      | Reached skill level 8 in Spellcasting
 10790 | D:7      | Found a shadowy altar of Dithmenos.
 10916 | D:7      | Found a staircase to the Ecumenical Temple.
 10923 | Temple   | Entered the Ecumenical Temple
 11088 | Temple   | Became a worshipper of Gozag Ym Sagoz the Greedy
 11320 | D:6      | Bought a warped pewter amulet for 175 gold pieces
 11321 | D:6      | Identified the amulet of Red Wine {RegenMP *Drain rF+++
                  | Str+5} (You bought it in a shop on level 6 of the Dungeon)
 11707 | D:8      | Noticed Maurice
 11715 | D:8      | Killed Maurice
 11744 | D:8      | Noticed Joseph
 11951 | D:8      | Killed Joseph
 12072 | D:8      | Found Agecimumo's Assorted Antiques.
 12234 | D:8      | Reached XP level 10. HP: 66/69 MP: 22/22
 12460 | D:8      | Identified the Collected Works on Icy Confrontation
 12810 | D:8      | Reached skill level 9 in Spellcasting
 13156 | D:9      | Found Ysuruzirch's General Store.
 13176 | D:9      | Got a glittering tin ring
 13178 | D:9      | Identified the ring of Wiliug {*Tele rN+++ MP-9 Str+6} (You
                  | found it on level 9 of the Dungeon)
 13221 | D:9      | Found Ymibil's Food Emporium.
 13246 | D:9      | Found Wuonwiel's General Store.
 13312 | D:9      | Found a shattered altar of Ashenzari.
 14324 | D:10     | Entered Level 10 of the Dungeon
 14357 | D:10     | Noticed Grum
 14367 | D:10     | Killed Grum
 14864 | D:10     | Reached skill level 10 in Summonings
 15551 | D:10     | Noticed a two-headed ogre
 15558 | D:10     | Killed a two-headed ogre
 15558 | D:10     | Reached skill level 1 in Polearms
 15558 | D:10     | Reached skill level 10 in Spellcasting
 15558 | D:10     | Reached skill level 1 in Evocations
 15633 | D:10     | Got a bloodstained trident
 15683 | D:10     | Reached skill level 5 in Fighting
 15972 | D:10     | Learned a level 4 spell: Airstrike
 16180 | D:11     | Found a staircase to the Lair.
 16320 | D:11     | Reached XP level 11. HP: 69/80 MP: 25/25
 16991 | Lair:1   | Entered Level 1 of the Lair of Beasts
 17762 | Lair:1   | Noticed a six-headed hydra
 17777 | Lair:1   | Killed a six-headed hydra
 18365 | Lair:2   | Reached skill level 5 in Air Magic
 18690 | Lair:2   | Noticed a four-headed hydra
 18704 | Lair:2   | Killed a four-headed hydra
 18774 | Lair:2   | Found a staircase to the Snake Pit.
 19024 | Lair:2   | Noticed a six-headed hydra
 19302 | Lair:2   | Killed a six-headed hydra
 19859 | Lair:2   | Found a staircase to the Swamp.
 20832 | Lair:2   | Noticed a dire elephant
 20852 | Lair:2   | Killed a dire elephant
 20852 | Lair:2   | Reached XP level 12. HP: 46/89 MP: 1/26
 21764 | Lair:3   | Noticed a six-headed hydra
 21775 | Lair:3   | Killed a six-headed hydra
 23565 | Lair:4   | Reached skill level 5 in Dodging
 23724 | Lair:4   | Reached skill level 1 in Shields
 24162 | Lair:4   | Noticed a seven-headed hydra
 24169 | Lair:4   | Killed a seven-headed hydra
 24501 | Lair:4   | Reached skill level 5 in Evocations
 26108 | Lair:5   | Noticed an eight-headed hydra
 26121 | Lair:5   | Killed an eight-headed hydra
 26121 | Lair:5   | Reached skill level 1 in Armour
 26486 | Lair:5   | Gained mutation: You are in touch with the powers of death.
                  | [Mummy growth]
 26486 | Lair:5   | Reached XP level 13. HP: 33/98 MP: 17/27
 26898 | Lair:6   | Entered Level 6 of the Lair of Beasts
 27285 | Lair:5   | Upgraded the game from 0.23-a0-398-g8eab93fbe2 to
                  | 0.23-a0-402-g64599a10a2
 27619 | Lair:6   | Found a staircase to the Slime Pits.
 29548 | D:12     | Reached skill level 5 in Polearms
 29613 | D:12     | Found a staircase to the Orcish Mines.
 29709 | D:12     | Noticed Nessos
 30003 | D:12     | Noticed Snorg
 30011 | D:12     | Killed Snorg
 30049 | D:12     | Noticed Nergalle
 30063 | D:12     | Killed Nergalle
 31060 | D:12     | Found a runed door.
 31060 | D:12     | Noticed Finguili's ghost (journeyman TeAE)
 32189 | D:12     | Killed Nessos
 33881 | D:13     | Found a gate to the Vaults.
 34815 | D:14     | Reached skill level 10 in Fighting
 34970 | D:14     | Noticed Rupert
 34985 | D:14     | Killed Rupert
 34985 | D:14     | Reached XP level 14. HP: 110/110 MP: 20/28
 35850 | D:15     | Entered Level 15 of the Dungeon
 36001 | D:14     | Bought the +2 pair of boots of the Assassin {Detection
                  | Stab+ Stlth++} for 1860 gold pieces
 36001 | D:14     | Found the +2 pair of boots of the Assassin {Detection Stab+
                  | Stlth++}
 36212 | D:6      | Bought a scroll of teleportation for 105 gold pieces
 36212 | D:6      | Bought a hardcover book for 525 gold pieces
 36216 | D:6      | Bought a book of Ice for 780 gold pieces
 36219 | D:6      | Learned a level 2 spell: Swiftness
 36226 | D:6      | Learned a level 6 spell: Bolt of Cold
 36373 | Swamp:1  | Entered Level 1 of the Swamp
 36996 | Swamp:1  | Noticed Roxanne
 37301 | Swamp:1  | You fall through a shaft!
 37520 | Swamp:1  | Reached skill level 1 in Conjurations
 40656 | Swamp:3  | Noticed a thorn hunter
 40880 | Swamp:3  | Killed a thorn hunter
 41467 | Swamp:3  | Learned a level 1 spell: Animate Skeleton
 41607 | Swamp:3  | Found a bloodstained altar of Trog.
 41852 | Swamp:3  | Noticed a thorn hunter
 41868 | Swamp:3  | Killed a thorn hunter
 42002 | Swamp:3  | Noticed a tentacled monstrosity
 42144 | Snake:1  | Entered Level 1 of the Snake Pit
 42311 | Snake:1  | Reached skill level 1 in Necromancy
 42311 | Snake:1  | Reached skill level 5 in Ice Magic
 44040 | Snake:1  | Reached skill level 11 in Spellcasting
 45129 | Snake:2  | Found Maerr's Jewellery Shop.
 45381 | D:6      | Bought the +2 cloak of Ymez {Regen+ MP+9 Slay+2} for 585
                  | gold pieces
 45397 | D:6      | Upgraded the game from 0.23-a0-402-g64599a10a2 to
                  | 0.23-a0-405-g368ce007a8
 45914 | Snake:2  | Reached skill level 5 in Conjurations
 46229 | Snake:2  | Reached XP level 15. HP: 117/118 MP: 30/30
 47434 | Snake:3  | Noticed Saint Roka
 47463 | Snake:3  | Killed Saint Roka
 47752 | Snake:3  | Noticed Azrael
 47782 | Snake:3  | Killed Azrael
 48395 | Snake:3  | Noticed a nagaraja
 48422 | Snake:3  | Killed a nagaraja
 48564 | Snake:3  | Noticed Vashnia
 48902 | Orc:1    | Entered Level 1 of the Orcish Mines
 49030 | D:12     | Learned a level 3 spell: Spectral Weapon
 49328 | Orc:1    | Found a runed door.
 49328 | Orc:1    | Found a shimmering altar of Xom.
 49328 | Orc:1    | Noticed oberejnoburuli's ghost (journeyman TeAE)
 49586 | Orc:2    | Entered Level 2 of the Orcish Mines
 49586 | Orc:2    | Found a burning altar of Makhleb.
 49708 | Orc:2    | Found Joiw's Weapon Emporium.
 49732 | Orc:2    | Found a staircase to the Elven Halls.
 50545 | Orc:2    | Reached skill level 1 in Hexes
 50578 | Orc:2    | Reached skill level 1 in Charms
 50613 | Orc:2    | Found Qygihic's Food Emporium.
 50661 | Orc:2    | Found Laelorus's Food Shoppe.
 51263 | Orc:2    | Reached skill level 12 in Spellcasting
 52085 | Orc:2    | Found Puufer's Book Shop.
 52085 | Orc:2    | Found Joamaq's Antique Armour Boutique.
 52086 | Orc:2    | Found a one-way gate leading to the halls of Pandemonium.
 52101 | Orc:2    | Bought a book of Necromancy for 300 gold pieces
 52101 | Orc:2    | Bought the Papyrus of the Monk for 475 gold pieces
 52106 | Orc:2    | Learned a level 4 spell: Animate Dead
 54030 | Lair:2   | Upgraded the game from 0.23-a0-405-g368ce007a8 to
                  | 0.23-a0-407-g92528d7c89
 54438 | Snake:3  | Reached XP level 16. HP: 125/125 MP: 26/32
 55272 | Snake:4  | Entered Level 4 of the Snake Pit
 55279 | Snake:4  | Found Utzeik Hamu's Assorted Antiques.
 55292 | Snake:4  | HP: 5/125 [naga sharpshooter/arrow (20)]
 55299 | Snake:4  | HP: 1/125 [naga sharpshooter/arrow (15)]
 57168 | Snake:4  | Got a transparent chain mail
 57179 | Snake:4  | Identified the +0 chain mail of the Iron Devil {-Tele Dex+3
                  | Stlth+} (You took it off a salamander on level 4 of the
                  | Snake Pit)
 59492 | Snake:4  | Got a serpentine rune of Zot
 59786 | Vaults:1 | Entered Level 1 of the Vaults
 59815 | Vaults:1 | Reached skill level 10 in Ice Magic
 59958 | Vaults:1 | Found Onteajunatu's Antique Armour Shop.
 59997 | Vaults:1 | Reached skill level 10 in Conjurations
 60731 | Vaults:1 | Shot with a bolt by a yaktaur

Vault maps used:
D:1:      dpeg_arrival_connections
D:2:      lemuel_round_altar, minmay_stone_trees_medium
D:4:      serial_shops, shop
D:5:      cheibrodos_iron_armory, nicolae_overflow_crystal_walls, serial_shops,
          shop, first_ration, nrook_loot_triangle
D:6:      marbit_many_paths, serial_shops, shop_statue
D:7:      minmay_the_grid_octo_2x2, temple_green, grunt_ogre_cave,
          nicolae_dithmenos_through_a_glass_darkly
D:8:      serial_shops, nicolae_shop_overgrown_old_shop, uniq_maurice,
          uniq_joseph
D:9:      kennysheep_housing_project, ashenzari_conservatory_becter,
          serial_shops, nicolae_shop_crystal, shop,
          nicolae_shop_window_shopping, hive_lemuel
D:10:     kb_forest_paths, uniq_grum
D:11:     lair_entry_dummy, st_stairs_10, minmay_misc_feat_hallway
D:12:     hiddenorc2_lemuel, gammafunk_ghost_grave, uniq_nessos, uniq_snorg,
          uniq_nergalle
D:13:     grunt_vaults_entry_fortified
D:14:     minmay_misc_feat_columns, uniq_rupert
D:15:     hangedman_depths_entry_try_elsewhere_first,
          nicolae_tso_swordbearing_angel
Temple:   dpeg_five_rooms_temple
Lair:1:   grunt_megastairs_1
Lair:2:   mu_elephants_graveyard, minmay_swamp_entry_wisps,
          guppyfry_snake_entry_island, portal_ice_cave_entry_ice_beasts,
          beast_lair_carwin_2
Lair:3:   grunt_megastairs_3
Lair:4:   cheibrodos_lair_lostbears, serial_bayou_shore_a
Lair:5:   beast_lair_carwin_7
Lair:6:   due_jungle_book, nicolae_slime_entry_slimehenge,
          nicolae_lair_yak_garden, lemuel_fruit_fields
Swamp:1:  nicolae_swamp_feature_on_the_river_bank, uniq_roxanne
Swamp:2:  serial_swamp_ruin, evilmike_swamp_ruin_house_5,
          evilmike_swamp_ruin_wall, hangedman_swamp_ruin_hall,
          infiniplex_staircase_pool_2
Swamp:3:  evilmike_swamp_ruin_house_3, swamp_pool2, hangedman_swamp_cone,
          lemuel_altar_in_water2
Snake:1:  grunt_ministairs_8
Snake:2:  nrook_guardian_serpent_snake_passage, serial_shops, nicolae_shop_stone
Snake:3:  serial_bayou_pond_d, uniq_vashnia, uniq_azrael, uniq_saint_roka
Snake:4:  grunt_snake_rune_serpentine_throne, serial_shops, shop,
          grunt_ministairs_10
Orc:1:    ebering_ghost_xom
Orc:2:    pf_orc_diabolical, serial_shops, shop, bloody_makhleb
Vaults:1: nicolae_vaults_little_ls, v_rooms_4,
          hangedman_vaults_hard_town_square, vaults_dpeg_hooks, v_misc_2,
          v_misc_19, v_alt_pattern_1, nicolae_vaults_little_squares_1,
          vaults_room_stairs_pillars, nicolae_vaults_rhombus_6, serial_shops,
          nicolae_shop_crystal

Skill      XL: |  1  2  3  4  5  6  7  8  9 10 11 12 13 14 15 16 |
---------------+-------------------------------------------------+-----
Spellcasting   | 3 4 5 6 7 8 10 11 12 | 12.3
Summonings     | 4 5 6 7 9 10 | 10.4
Ice Magic      | 1 2 3 4 5 7 10 | 10.0
Air Magic      | 1 2 3 4 6 7 |  7.0
Fighting       | 2 5 6 8 10 11 | 11.2
Polearms       | 1 3 4 6 7 |  7.0
Dodging        | 2 4 5 7 8 |  8.2
Evocations     | 1 3 5 |  5.5
Shields        | 2 3 4 |  4.1
Armour         | 1 3 |  3.0
Conjurations   | 5 7 10 | 10.0
Necromancy     | 2 3 |  3.1
Hexes          | 2 |  2.8
Charms         | 2 |  2.4
Stealth        | 2 |  2.4

Action                   |  1- 3 |  4- 6 |  7- 9 | 10-12 | 13-15 | 16-18 || total
-------------------------+-------+-------+-------+-------+-------+-------++-------
Melee: Unarmed           |    15 |       |       |       |       |       ||    15
       Club              |    60 |     1 |       |       |       |       ||    61
       Trident           |       |   209 |   281 |   765 |   735 |   333 ||  2323
       Spear             |       |       |       |       |   739 |       ||   739
 Cast: Summon Small Mamm |    21 |       |       |       |       |     1 ||    22
       Call Imp          |    17 |    32 |     6 |       |       |     1 ||    56
       Call Canine Famil |     3 |    33 |    20 |     6 |     4 |     6 ||    72
       Summon Ice Beast  |       |     1 |    37 |   331 |   684 |   136 ||  1189
       Summon Lightning  |       |       |    13 |    70 |   137 |    89 ||   309
       Airstrike         |       |       |       |    12 |    66 |    26 ||   104
       Spectral Weapon   |       |       |       |       |    41 |    55 ||    96
       Bolt of Cold      |       |       |       |       |       |    15 ||    15
       Swiftness         |       |       |       |       |       |     1 ||     1
Invok: Call Merchant     |       |       |       |       |     3 |       ||     3
       Potion Petition   |       |       |       |       |     2 |     3 ||     5
Evoke: Lightning rod     |       |       |     1 |       |       |       ||     1
       Wand              |       |       |       |     2 |    14 |     4 ||    20
  Use: Scroll            |     1 |       |    10 |    10 |     8 |     5 ||    34
 Stab: Sleeping          |     3 |     4 |     4 |    11 |     5 |     4 ||    31
       Distracted        |       |     4 |     4 |    12 |    42 |    12 ||    74
       Paralysed         |       |       |       |       |    17 |     1 ||    18
Armor: Robe              |    30 |    37 |    65 |   169 |   223 |    77 ||   601
Dodge: Dodged            |    71 |    97 |   181 |   496 |  1060 |   272 ||  2177

Table legend:
 A = Non-vault XP
 B = Vault XP
 C = Vault XP percentage of total XP
 D = Non-vault monster count
 E = Vault monster count
 F = Vault count percentage of total count
                 A         B        C        D         E       F
            +---------+---------+-------+---------+---------+-------
      Total |  121800 |   82735 |  40.5 |     766 |     359 |  31.9
            +---------+---------+-------+---------+---------+-------
        D:1 |      13 |       0 |   0.0 |      10 |       0 |   0.0
        D:2 |      58 |       0 |   0.0 |      22 |       0 |   0.0
        D:3 |     193 |       0 |   0.0 |      33 |       0 |   0.0
        D:4 |     229 |       0 |   0.0 |      14 |       0 |   0.0
        D:5 |     455 |       0 |   0.0 |      32 |       0 |   0.0
        D:6 |     472 |      57 |  10.8 |      21 |       2 |   8.7
        D:7 |    1154 |    1873 |  61.9 |      30 |      19 |  38.8
        D:8 |    1041 |     624 |  37.5 |      19 |       2 |   9.5
        D:9 |     858 |     444 |  34.1 |      19 |      30 |  61.2
       D:10 |    1320 |    1558 |  54.1 |      26 |      18 |  40.9
       D:11 |    1411 |      61 |   4.1 |      24 |       3 |  11.1
       D:12 |    5566 |    2379 |  29.9 |      55 |      35 |  38.9
       D:13 |    6106 |    3980 |  39.5 |      34 |      10 |  22.7
       D:14 |    9274 |    2113 |  18.6 |      42 |       1 |   2.3
       D:15 |    9162 |       0 |   0.0 |      31 |       0 |   0.0
     Lair:1 |    1265 |     359 |  22.1 |       7 |       2 |  22.2
     Lair:2 |    3620 |    8111 |  69.1 |      19 |      40 |  67.8
     Lair:3 |    3825 |     337 |   8.1 |      19 |       2 |   9.5
     Lair:4 |    3563 |     833 |  18.9 |      23 |       5 |  17.9
     Lair:5 |    3989 |    2632 |  39.8 |      24 |      14 |  36.8
     Lair:6 |    4200 |     689 |  14.1 |      22 |       6 |  21.4
    Swamp:1 |    2179 |       0 |   0.0 |      13 |       0 |   0.0
    Swamp:2 |    6143 |       0 |   0.0 |      30 |       0 |   0.0
    Swamp:3 |    9273 |       0 |   0.0 |      27 |       0 |   0.0
    Snake:1 |   10510 |     913 |   8.0 |      31 |       4 |  11.4
    Snake:2 |    5498 |    1111 |  16.8 |      17 |       3 |  15.0
    Snake:3 |   11166 |    9829 |  46.8 |      29 |      25 |  46.3
    Snake:4 |    8408 |   29861 |  78.0 |      25 |      68 |  73.1
      Orc:1 |    1596 |       0 |   0.0 |      19 |       0 |   0.0
      Orc:2 |    3424 |   12903 |  79.0 |      33 |      65 |  66.3
   Vaults:1 |    5829 |    2068 |  26.2 |      16 |       5 |  23.8
            +---------+---------+-------+---------+---------+-------
